 Dungeon Crawl Stone Soup version 0.19.1-1-g22dce08 (webtiles) character file.

301 kengeki the Chopper (level 6, -4/53 HPs)
             Began as a Hill Orc Monk on Jan 18, 2017.
             Was a Believer of Beogh.
             Slain by Sagrath01's ghost (9 damage)
             ... on level 4 of the Dungeon.
             The game lasted 00:21:54 (4563 turns).

kengeki the Chopper (Hill Orc Monk)                 Turns: 4563, Time: 00:21:55

Health: -4/53      AC: 13    Str: 18    XL:     6   Next: 37%
Magic:  6/6        EV:  6    Int: 10    God:    Beogh [**....]
Gold:   116        SH:  0    Dex: 13    Spells: 0 memorised, 5 levels left

rFire  . . .     SeeInvis .     b - +0 war axe
rCold  . . .     Gourm    .     d - +1 plate armour
rNeg   . . .     Faith    .     (no shield)
rPois  .         Spirit   .     (no helmet)
rElec  .         Reflect  .     (no cloak)
rCorr  .         Harm     .     (no gloves)
MR     .....                    (no boots)
Stlth  ..........               (no amulet)
                                (no ring)
                                p - ring of wizardry

@: no status effects
A: strong 1
a: Smiting, Renounce Religion


You were on level 4 of the Dungeon.
You worshipped Beogh.
Beogh was pleased with you.
You were hungry.

You visited 1 branch of the dungeon, and saw 4 of its levels.

You collected 116 gold pieces.

Inventory:

Hand Weapons
 a - a +0 hand axe
 b - a +0 war axe (weapon)
Armour
 d - a +1 plate armour (worn)
 k - a +2 ring mail of magic resistance
Jewellery
 i - an uncursed ring of ice
 p - a ring of wizardry (left hand)
Wands
 l - a wand of polymorph (14/24)
Scrolls
 e - 3 scrolls of remove curse
 f - 2 scrolls of amnesia
 o - a scroll of identify
Potions
 g - 4 potions of curing
 m - a potion of heal wounds
Comestibles
 c - a bread ration
 h - 3 beef jerkies
 j - 2 slices of pizza
 n - a meat ration


   Skills:
 + Level 4.4 Fighting
 * Level 6.2 Axes
 + Level 4.7 Armour
 - Level 2.4 Dodging
 - Level 1.5 Stealth


You had 5 spell levels left.
You didn't know any spells.

Dungeon Overview and Level Annotations

Branches:
Dungeon (4/15)
 Temple: D:4-7

Altars:
Trog
The Shining One

Annotations:
D:3 Paps's ghost, amateur GrFi
D:4 Sagrath01's ghost, novice MiFi


Innate Abilities, Weirdness & Mutations

Your muscles are strong. (Str +2)


Message History

Sagrath01's ghost hits you but does no damage.
You barely miss Sagrath01's ghost.
Sagrath01's ghost is almost destroyed.
Sagrath01's ghost barely misses you.
You hit Sagrath01's ghost but do no damage.
Sagrath01's ghost is almost destroyed.
Sagrath01's ghost barely misses you.
You closely miss Sagrath01's ghost.
Sagrath01's ghost is almost destroyed.
Sagrath01's ghost whispers, "Trust me.
Just give in."
Sagrath01's ghost barely misses you.
You hit Sagrath01's ghost.
Sagrath01's ghost is almost destroyed.
Sagrath01's ghost closely misses you.
You hit Sagrath01's ghost.
Sagrath01's ghost is almost destroyed.
Sagrath01's ghost hits you!
* * * LOW HITPOINT WARNING * * *
Sagrath01's ghost hits you!
You die...

##.......# #........####
#....._..#.. .#
#..(.....#.### )..
#...........#. ....
###.#.#..#.#.... ....(
#...#........^##
$....S###...###.#..#....
o..).ZW@.........>.#.###
..#####.###.#.#.#..#.#
#.. #§#§#.####.#
≈≈..^.≈.... ..#
^#...###^§### ###
≈#≈..^§ #≈.# .#
#..^##≈≈.# .( §^...≈.≈.#
.... ...#


You could see Sagrath01's ghost, an adder, a leopard gecko skeleton and a
neutral orc (wandering).

Vanquished Creatures
  A gnoll shaman (D:3)
  Natasha (thrice) (D:2 D:3)
  6 gnolls (D:3)
  6 adders
  4 worms
  3 dart slugs
  2 leopard geckos
  6 orcs (D:3)
  2 giant cockroaches (D:2)
  8 goblins
  4 hobgoblins
  3 jackals (D:3)
  A quokka (D:3)
  A ball python (D:3)
  6 bats
  A frilled lizard (D:3)
  7 kobolds
  7 rats
71 creatures vanquished.

Vanquished Creatures (others)
  2 orcs (D:4)
2 creatures vanquished.

Grand Total: 73 creatures vanquished

Notes
Turn   | Place    | Note
-------+----------+-------------------------------------------
     0 | D:1      | kengeki the Hill Orc Monk began the quest for the Orb.
     0 | D:1      | Reached XP level 1. HP: 19/19 MP: 1/1
   175 | D:1      | Gained mutation: Your muscles are strong. (Str +2) [potion of beneficial mutation]
   259 | D:1      | Reached XP level 2. HP: 27/27 MP: 2/2
   398 | D:1      | Reached skill level 1 in Armour
  1016 | D:2      | Noticed Natasha
  1030 | D:2      | Killed Natasha
  1030 | D:2      | Reached XP level 3. HP: 22/33 MP: 3/3
  1535 | D:2      | Reached XP level 4. HP: 37/40 MP: 4/4
  1996 | D:3      | Noticed Paps's ghost (amateur GrFi)
  2499 | D:3      | Found a bloodstained altar of Trog.
  2751 | D:3      | Noticed Natasha
  2760 | D:3      | Killed Natasha
  2760 | D:3      | Reached skill level 5 in Axes
  2760 | D:3      | Reached XP level 5. HP: 42/46 MP: 5/5
  3137 | D:3      | Noticed Natasha
  3167 | D:3      | Killed Natasha
  3781 | D:3      | Reached XP level 6. HP: 52/52 MP: 6/6
  4066 | D:3      | Reached skill level 6 in Axes
  4094 | D:4      | Noticed Sagrath01's ghost (novice MiFi)
  4516 | D:4      | Found a glowing golden altar of the Shining One.
  4537 | D:4      | Became a worshipper of Beogh the Brigand
  4537 | D:4      | Reached * piety under Beogh
  4537 | D:4      | Reached ** piety under Beogh
  4563 | D:4      | Slain by Sagrath01's ghost

Skill      XL: |  1  2  3  4  5  6 |
---------------+-------------------+-----
Armour         | 3 4 |  4.7
Axes           | 5 6 |  6.2
Fighting       | 4 |  4.4
Dodging        | |  2.4
Stealth        | |  1.5

Action                   |  1- 3 |  4- 6 || total
-------------------------+-------+-------++-------
Melee: Hand axe          |   129 |   188 ||   317
       War axe           |       |    62 ||    62
Invok: Convert to Beogh  |       |     1 ||     1
  Use: Scroll            |     4 |     2 ||     6
       Potion            |     3 |     1 ||     4
 Stab: Sleeping          |     1 |       ||     1
  Eat: Chunk             |     1 |    10 ||    11
Armor: Robe              |     6 |       ||     6
       Plate armour      |    73 |   154 ||   227
       Ring mail         |     5 |     9 ||    14
Dodge: Dodged            |    56 |    90 ||   146
